 Dungeon Sprint DCSS version 0.31-a0-204-g7da18cac08 (webtiles) character file.

Game seed: 8025937608750164745

16 rocky1 the Grasshopper (level 2, -1/37 HPs)
             Began as a Demigod Warper on June 28, 2023.
             Slain by a gnoll
             ... wielding a +0 spear
              (4 damage)
             ... in the Dungeon (Sprint VII: "The Pits").
             The game lasted 00:00:49 (413 turns).

rocky1 the Grasshopper (Demigod Warper)              Turns: 413, Time: 00:00:49

Health: -1/37      AC:  3    Str: 12    XL:     2   Next: 27%
Magic:  7/7        EV: 12    Int: 15    God:
Gold:   0          SH:  0    Dex: 13    Spells: 5/5 levels left

rFire   . . .        m - +2 falchion
rCold   . . .        (no shield)
rNeg    . . .        b - +0 leather armour
rPois   .            (no helmet)
rElec   .            (no cloak)
rCorr   .            (no gloves)
SInv    .            (no boots)
Will    .....        (no amulet) Stlth
                     (no ring)
HPRegen 0.26/turn    (no ring)
MPRegen 0.10/turn

%: no teleportation
@: berserking (expiring), very quick
A: high MP 1, forlorn, divine attributes
a: no special abilities


You were in the Dungeon.
You visited 1 branch

Inventory:

Hand Weapons
 a - a +0 falchion
 m - a +2 falchion (weapon)
Missiles
 d - 7 boomerangs of dispersal (quivered)
Armour
 b - a +0 leather armour (worn)
Scrolls
 c - 2 scrolls of blinking
 k - 5 scrolls of amnesia
 l - a scroll of butterflies
Potions
 g - a potion of haste
 h - 4 potions of magic
 i - 2 potions of berserk rage
 j - 2 potions of invisibility


   Skills:
 + Level 2.5 Fighting
 + Level 2.4 Long Blades
 + Level 0.8 Throwing
 + Level 1.3 Armour
 + Level 2.3 Dodging
 + Level 2.4 Spellcasting
 + Level 3.7 Translocations


You had 5 spell levels left.
You didn't know any spells.
Your spell library contained the following spells:

 Spells                   Type           Power      Damage    Failure   Level
 Blink                    Tloc           26%        N/A       9%          2
 Lesser Beckoning         Tloc           26%        N/A       9%          2
 Teleport Other           Tloc           13%        N/A       17%         3
 Vhi's Electric Charge    Tloc/Air       14%        N/A       36%         3
 Manifold Assault         Tloc           13%        N/A       50%         4


Dungeon Overview and Level Annotations

Branches:
Dungeon (1/1)


Innate Abilities, Weirdness & Mutations

You have an increased reservoir of magic. (+10% MP)
You shall have no god before yourself.
Your divine heritage dramatically boosts your attributes as you level up.


Message History

You feel better.
The white imp hits you but does no damage.
The gnoll hits you from afar with a +0 spear!
* * * LOW HITPOINT WARNING * * *
A red film seems to cover your vision as you go berserk!
You feel yourself moving faster!
You feel mighty! The white imp barely misses you.
The ball python skeleton bites you but does no damage.
The ball python skeleton closely misses you.
The gnoll barely misses you.
You barely miss the white imp.
The white imp is heavily wounded.
The white imp hits you but does no damage.
The ball python skeleton misses you.
The ball python skeleton barely misses you.
The gnoll barely misses you.
You slash the white imp!
You kill the white imp!
The ball python skeleton closely misses you.
The ball python skeleton grabs you.
The ball python skeleton constricts you.
The gnoll hits you from afar with a +0 spear.
* * * LOW HITPOINT WARNING * * *
Your Long Blades skill increases to level 2!
You have reached level 2!
You slash the ball python skeleton!
You destroy the ball python skeleton!
The gnoll hits you from afar with a +0 spear.
* * * LOW HITPOINT WARNING * * *
You see here a frilled lizard corpse.
You slash the gnoll!
The gnoll is heavily wounded.
The gnoll completely misses you.
You closely miss the gnoll.
The gnoll is heavily wounded.
The gnoll closely misses you.
You slash the gnoll!
The gnoll is almost dead.
The gnoll hits you with a +0 spear.
You die...

##########
##########+##.........
#.?(.')))'.##......#..
##########.##.........
#..........†'.........
#+#####'#####......#..
#...#.# #.........
#...#.# ####'#####
#..@).# #.......#
##g#### #.......#
#...g.# #.......#
#....5# #...<...#
#....... #.......#
#........##.......#
###########.......#
#########


You could see a gnoll.

Vanquished Creatures
  A white imp (D)
  2 orcs (D)
  An endoplasm (D)
  2 hobgoblins (D)
  A ball python skeleton (D)
  A frilled lizard (D)
8 creatures vanquished.

Notes
Turn   | Place    | Note
-------+----------+-------------------------------------------
     0 | D        | rocky1 the Demigod Warper began the quest for the Orb.
     0 | D        | Reached XP level 1. HP: 17/17 MP: 5/5
   187 | D        | Reached skill level 3 in Translocations
   402 | D        | Reached skill level 1 in Armour
   409 | D        | Reached XP level 2. HP: 8/25 MP: 7/7
   413 | D        | Slain by a gnoll

Illustrated notes

Levels and vault maps discovered:
D:        pitsprint [storerooms_1, entrance_room_1, metal_vault_4, armoury_2,
          mini_pit_1, grid_room_1, main_hall_1, silver_pit, the_coven_1,
          the_vestibule_1, steel_vault_2, golden_pit, hallway_of_sentries,
          crystal_vault_6, iron_vault_4, final_vault]

Skill      XL: |  1 |
---------------+----+-----
Fighting       | 2 |  2.5
Spellcasting   | 2 |  2.4
Translocations | 3 |  3.7
Dodging        | 2 |  2.3
Armour         | 1 |  1.3
Long Blades    | 2 |  2.4
Throwing       | |  0.8

Action                     || total
---------------------------++-------
  Melee: Falchion          ||    30
    Use: Potion            ||     3
 Armour: Leather armour    ||     4
  Dodge: Dodged            ||    20

Table legend: (Time is in decaauts)
 A = Elapsed time spent in this place.
 B = Non-inter-level travel time spent in this place.
 C = Inter-level travel time spent in this place.
 D = Time resting spent in this place.
 E = Time spent auto-exploring this place.
 F = Levels seen in this place.
 G = Mean time per level.
                   A        B        C        D        E       F      G
               +--------+--------+--------+--------+--------+-----+--------+
         Total |    416 |    416 |      0 |    308 |      0 |   1 |  416.0 |
       Dungeon |    416 |    416 |      0 |    308 |      0 |   1 |  416.0 |
               +--------+--------+--------+--------+--------+-----+--------+

Top non-repeatable levels by time:
       D: 416 daAuts
